 Dungeon Crawl Stone Soup version 0.30-a0-534-gdc55766716 (webtiles) character file.

Game seed: 17514213141747451189

4148 Jackthecabe the Destroyer (level 9, 0/69 HPs)
             Began as a Demigod Conjurer on Dec 25, 2022.
             Slain by a vampire
             ... wielding a +1 vampiric halberd
              (11 damage)
             ... in a bailey.
             The game lasted 00:23:29 (11463 turns).

Jackthecabe the Destroyer (Demigod Conjurer)       Turns: 11463, Time: 00:23:30

Health: 0/69       AC: 12    Str:  8    XL:     9   Next: 80%
Magic:  1/16       EV: 13    Int: 32    God:
Gold:   377        SH:  0    Dex: 12    Spells: 3/14 levels left

rFire   + . .      SeeInvis .    v - +1 dagger (freeze)
rCold   + . .      Faith    .    (no shield)
rNeg    . . .      Spirit   .    H - +3 leather armour {Will+}
rPois   .          Reflect  .    s - +0 helmet
rElec   .          Harm     .    y - +0 cloak
rCorr   .          Rampage  .    x - +0 pair of gloves
Will    +....                    w - +2 pair of boots
Stlth   ++                       (no amulet)
HPRegen 0.31/turn                f - ring of protection from fire
MPRegen 0.15/turn                C - ring of protection from cold

@: no status effects
A: high MP 1, forlorn, divine attributes
a: no special abilities


You were in a bailey.
You visited 1 branch of the dungeon, and saw 8 of its levels.
You also visited: Bailey.

You collected 377 gold pieces.


Innate Abilities, Weirdness & Mutations

You have an increased reservoir of magic. (+10% MP)
You shall have no god before yourself.
Your divine heritage dramatically boosts your attributes as you level up.


   Skills:
 - Level 3.0 Fighting
 - Level 5.0 Dodging
 - Level 1.7 Stealth
 - Level 3.0 Spellcasting
 + Level 8.9 Conjurations
 - Level 6.0 Hexes
 - Level 6.0 Translocations


You had 3 spell levels left.
You knew the following spells:

 Your Spells              Type           Power      Damage    Failure   Level
f - Fulminant Prism       Conj/Hex       25%        3d14      4%          4
m - Magic Dart            Conj           100%       1d8       1%          1
s - Searing Ray           Conj           100%       2d8       1%          2
X - Iskenderun's Mystic   Conj/Tloc      51%        2d11      4%          4

Your spell library contained the following spells:

 Spells                   Type           Power      Damage    Failure   Level
 Dazzling Flash           Conj/Hex       100%       N/A       1%          3
 Portal Projectile        Hex/Tloc       86%        N/A       2%          3
 Tukima's Dance           Hex            43%        N/A       2%          3
 Vhi's Electric Charge    Tloc/Air       48%        N/A       8%          3
 Arcjolt                  Conj/Air       16%        1d26      38%         5
 Blade Hands              Tmut           2%         N/A       94%         5
 Maxwell's Capacitive Co  Air            2%         ∞         100%        8

Inventory:

Hand Weapons
 v - a +1 dagger of freezing (weapon)
Missiles
 K - 3 curare-tipped darts {=f}
Armour
 a - a +0 robe
 s - a +0 helmet (worn)
 w - a +2 pair of boots (worn)
 x - a +0 pair of gloves (worn)
 y - a +0 cloak (worn)
 B - a +0 troll leather armour
 H - a +3 leather armour of willpower (worn)
Magical Staves
 F - a staff of earth {!a}
Jewellery
 f - a ring of protection from fire (left hand)
 n - a ring of positive energy
 C - a ring of protection from cold (right hand)
 E - a +4 ring of evasion
 N - a ring of positive energy
 R - a ring of resist corrosion
Wands
 r - a wand of flame (15)
 I - a wand of mindburst (1)
Scrolls
 d - 2 scrolls of butterflies
 i - a scroll of poison {unknown}
 j - 4 scrolls of teleportation {@r2}
 k - a scroll of silence {unknown}
 l - a scroll of magic mapping {unknown}
 m - 2 scrolls of blinking
 q - 2 scrolls of fear
 u - a scroll of amnesia
 D - 3 scrolls of enchant weapon
 J - a scroll of fog
Potions
 b - a potion of brilliance {unknown}
 c - 3 potions of curing {@q1}
 e - 2 potions of might {unknown}
 g - a potion of haste {@q3}
 h - 4 potions of attraction
 p - 2 potions of degeneration {unknown}
 t - a potion of berserk rage {unknown}
 z - a potion of flight {unknown}
 A - 2 potions of mutation {unknown}
 G - a potion of invisibility

Dungeon Overview and Level Annotations

Branches:
Dungeon (8/15)             Temple (0/1) D:6          Bailey (1/1)
   Lair: D:8-11

Shops:
D:4

*
♣♣....▒....▒..♣.♣..♣)♣.▒.÷÷▒
♣.....▒))..▒....♣..)...▒..÷▒
♣.8...▒'▒▒▒▒..........▒▒'▒▒▒
♣.....▒..)...♣....♣.♣.▒).▒
♣♣....▒.....♣....♣....'..▒
♣....▒▒....♣.........▒▒▒▒
♣..8..▒................▒
♣♣.8..▒....♣...........▒
♣....▒▒..{.@...#..#)..▒
♣♣.8...▒)▒▒▒▒▒+▒#..#.).▒
♣♣♣......▒.......▒#..#...▒
♣≈≈.....V▒.))....▒#..#...▒
♣≈≈≈.....▒)▒▒▒▒▒▒▒#..#...▒
♣♣≈≈≈.............#).#▒▒▒▒♣♣♣
♣♣≈≈≈≈≈≈≈≈≈≈≈≈≈≈≈#.)#≈≈≈≈≈≈♣
♣♣♣≈≈≈≈≈≈≈≈≈≈≈≈≈#..#≈≈≈≈≈≈♣
♣♣♣♣♣♣♣♣♣#....#..#....#


There were no monsters in sight!


Message History

* * * LOW HITPOINT WARNING * * *
The vampire barely misses you.
Aiming: Mindburst
Press: ? - help, Shift-Dir - straight line, f/p - vampire
Aim: a vampire, wielding a +1 vampiric halberd and wearing a +0 chain mail (moderately damaged, fast, chance to affect: 47%)
The vampire resists with some effort.
The vampire misses you.
Aiming: Mindburst
Press: ? - help, Shift-Dir - straight line, f/p - vampire
Aim: a vampire, wielding a +1 vampiric halberd and wearing a +0 chain mail (moderately damaged, fast, chance to affect: 47%)
The vampire resists with some effort.
The vampire hits you from afar with a +1 vampiric halberd!
* * * LOW HITPOINT WARNING * * *
The vampire hits you from afar with a +1 vampiric halberd!
* * * LOW HITPOINT WARNING * * *
The vampire draws strength from your wounds!
The vampire points at you and mumbles some strange words.
You resist with almost no effort.
There is an open door here.
You see here a +0 vorpal flail.
The vampire mumbles some strange words.
The vampire flickers and vanishes!
Deactivating autopickup; reactivate with Ctrl-A.
Something hits you.
* * * LOW HITPOINT WARNING * * *
Casting: Iskenderun's Mystic Blast (dangerous; 4% risk of failure)
Confirm with . or Enter, or press ? or * to list all spells.
You erupt in a blast of force!
The mystic blast hits something but does no damage.
Something hits you!
You die...

Skill      XL: |  1  2  3  4  5  6  7  8  9 |
---------------+----------------------------+-----
Spellcasting   | 2 3 |  3.0
Conjurations   | 4 5 6 8 |  8.9
Hexes          | 1 2 4 6 |  6.0
Translocations | 4 6 |  6.0
Fighting       | 3 |  3.0
Dodging        | 3 5 |  5.0
Stealth        | |  1.7

Action                   |  1- 3 |  4- 6 |  7- 9 || total
-------------------------+-------+-------+-------++-------
Melee: Dagger            |       |    28 |   102 ||   130
       Punch             |       |       |     2 ||     2
 Cast: Magic Dart        |    57 |    96 |   163 ||   316
       Searing Ray       |     5 |    24 |    31 ||    60
       Fulminant Prism   |       |     2 |    48 ||    50
       Iskenderun's Myst |       |       |    11 ||    11
Evoke: Wand              |       |       |    10 ||    10
  Use: Potion            |       |     3 |     3 ||     6
       Scroll            |       |       |    10 ||    10
Armor: Robe              |     2 |    10 |    17 ||    29
       Leather armour    |       |       |    59 ||    59
Dodge: Dodged            |     4 |    35 |   127 ||   166

Levels and vault maps discovered:
D:1:      onia_arrival_mini_maze, layout_loops_corners
D:2:      layout_loops_corners
D:3:      kennysheep_big_flooded_room, layout_loops_ring,
          nzn_wu_jian_contemplation, mainiacjoe_overflow_brackets,
          ebering_ecumenical_altar_box
D:4:      minmay_chambers_of_threes, layout_cave_pools,
          nemelex_diamond_rough_becter, slow_altar_1, serial_forest,
          infiniplex_forest_straight_1, infiniplex_forest_lined_2,
          infiniplex_forest_end_1, infiniplex_forest_straight_5,
          infiniplex_forest_corner_1, infiniplex_forest_clump_C,
          infiniplex_forest_end_double, amcnicky_mini_pool_small,
          minmay_misc_feat_square, guppyfry_shop_venom
D:5:      layout_loops_ring, trog_book, led_sif_pool, xom_butterflies
D:6:      layout_basic, temple_green, chequers_serial_rivers_room_a,
          hangedman_decor_riveting, uniq_eustachio
D:7:      layout_rooms, mainiacjoe_overflow_small_starburst,
          mainiacjoe_overflow_boulevard, overflow_temple_1_default,
          nicolae_overflow_squiral, palyth_stone_intersect,
          nicolae_elevator_lobby_plus
D:8:      layout_loops_corners, nicolae_ru_the_path_less_chosen,
          david_lair_generic, enter_bailey_2, minmay_misc_feat_cross
Bailey:   bailey_polearm_vampire_castle_hellmonk, bailey

Notes
Turn   | Place    | Note
-------+----------+-------------------------------------------
     0 | D:1      | Jackthecabe the Demigod Conjurer began the quest for the
                  | Orb.
     0 | D:1      | Reached XP level 1. HP: 14/14 MP: 5/5
   270 | D:1      | Reached skill level 2 in Spellcasting
   794 | D:1      | Reached XP level 2. HP: 20/20 MP: 2/7
   797 | D:1      | Learned a level 2 spell: Searing Ray
  1337 | D:2      | Reached skill level 4 in Conjurations
  1785 | D:2      | Reached XP level 3. HP: 26/26 MP: 4/9
  2117 | D:2      | Reached skill level 3 in Spellcasting
  2117 | D:2      | Reached XP level 4. HP: 33/33 MP: 7/11
  2122 | D:2      | Learned a level 4 spell: Fulminant Prism
  3251 | D:3      | Reached skill level 1 in Hexes
  3922 | D:4      | Reached skill level 5 in Conjurations
  3922 | D:4      | Reached XP level 5. HP: 32/38 MP: 4/12
  4079 | D:4      | Noticed a water moccasin
  4087 | D:4      | Killed a water moccasin
  4088 | D:4      | Reached skill level 2 in Hexes
  4089 | D:4      | HP: 3/38 [adder (3)]
  4153 | D:4      | Reached XP level 6. HP: 23/45 MP: 3/13
  4232 | D:4      | Found Anaog's Serpentskin Sales.
  4337 | D:4      | Reached skill level 3 in Hexes
  4521 | D:4      | Reached skill level 6 in Conjurations
  4667 | D:4      | Reached skill level 4 in Hexes
  5042 | D:5      | Entered Level 5 of the Dungeon
  5116 | D:5      | Noticed a water moccasin
  5121 | D:5      | Killed a water moccasin
  5122 | D:5      | Reached XP level 7. HP: 50/50 MP: 6/14
  5132 | D:5      | Reached skill level 5 in Hexes
  5553 | D:5      | Reached skill level 6 in Hexes
  5556 | D:5      | Reached skill level 1 in Translocations
  5612 | D:5      | Learned a level 4 spell: Iskenderun's Mystic Blast
  5968 | D:5      | Reached skill level 2 in Translocations
  6301 | D:6      | Reached skill level 3 in Translocations
  6399 | D:6      | Noticed a troll
  6523 | D:6      | Killed a troll
  6524 | D:6      | Reached skill level 4 in Translocations
  6524 | D:6      | Reached XP level 8. HP: 57/57 MP: 6/15
  6645 | D:6      | Reached skill level 5 in Translocations
  6791 | D:6      | Reached skill level 6 in Translocations
  6799 | D:6      | Reached skill level 1 in Fighting
  6965 | D:6      | Noticed Eustachio
  6975 | D:6      | Killed Eustachio
  6976 | D:6      | Reached skill level 2 in Fighting
  7061 | D:6      | Reached skill level 3 in Fighting
  7157 | D:6      | Reached skill level 2 in Dodging
  7603 | D:6      | Identified the +6 chain mail "Garusko" {rElec Regen+}
  7636 | D:6      | Reached skill level 3 in Dodging
  7713 | D:6      | Found a staircase to the Ecumenical Temple.
  7910 | D:6      | Reached XP level 9. HP: 62/69 MP: 4/16
  7919 | D:6      | Reached skill level 4 in Dodging
  9054 | D:7      | Reached skill level 5 in Dodging
 10228 | D:8      | Found a flagged portal.
 10238 | D:8      | Reached skill level 7 in Conjurations
 10247 | Bailey   | Entered a bailey
 10576 | Bailey   | Noticed a gargoyle
 10725 | Bailey   | Reached skill level 8 in Conjurations
 11379 | Bailey   | Killed a gargoyle
 11463 | Bailey   | Slain by a vampire

Vanquished Creatures
  A gargoyle (Bailey)
  A troll (D:6)
  A wyvern (D:7)
  Eustachio (D:6)
  2 water moccasins
  A black bear (D:6)
  2 centaurs
  A phantom (D:4)
  A kobold brigand (D:8)
  4 scorpions
  15 wights
  9 vampire bats (Bailey)
  8 wolf zombies (Bailey)
  2 electric eels (D:7)
  4 jellies
  A howler monkey (D:6)
  5 hounds
  2 orc priests (D:5)
  6 iguanas
  5 orc wizards
  11 gnolls
  11 adders
  An ufetubus (D:5)
  4 worms
  18 orcs
  7 endoplasms
  8 giant cockroaches
  4 goblins
  5 hobgoblins
  4 jackals (D:4)
  10 kobolds
  2 quokkas (D:2)
  10 ball pythons
  6 bats
  3 frilled lizards
  17 orc zombies (Bailey)
  3 rats
  A butterfly (D:5)
197 creatures vanquished.

Vanquished Creatures (others)
  A bush (D:7)
  50 fulminant prisms
  8 plants (D:4)
59 creatures vanquished.

Grand Total: 256 creatures vanquished

Table legend: (Time is in decaauts)
 A = Elapsed time spent in this place.
 B = Non-inter-level travel time spent in this place.
 C = Inter-level travel time spent in this place.
 D = Time resting spent in this place.
 E = Time spent auto-exploring this place.
 F = Levels seen in this place.
 G = Mean time per level.
                   A        B        C        D        E       F      G
               +--------+--------+--------+--------+--------+-----+--------+
         Total |  11466 |  11079 |    387 |   1846 |   7599 |   9 | 1274.0 |
       Dungeon |  10251 |   9864 |    387 |   1625 |   7010 |   8 | 1281.4 |
        Bailey |   1215 |   1215 |      0 |    221 |    589 |   1 | 1215.0 |
               +--------+--------+--------+--------+--------+-----+--------+

Top non-repeatable levels by time:
     D:6: 2348 daAuts
     D:4: 1896 daAuts
     D:7: 1345 daAuts
     D:1: 1282 daAuts
     D:2: 1273 daAuts
  Bailey: 1215 daAuts
     D:5: 1203 daAuts
     D:3: 823 daAuts
     D:8: 77 daAuts

Table legend:
 A = Non-vault XP
 B = Vault XP
 C = Vault XP percentage of total XP
 D = Non-vault monster count
 E = Vault monster count
 F = Vault count percentage of total count
                 A         B        C        D         E       F
            +---------+---------+-------+---------+---------+-------
      Total |    3991 |    1935 |  32.7 |     142 |      54 |  27.6
            +---------+---------+-------+---------+---------+-------
        D:1 |      21 |       1 |   4.5 |      14 |       1 |   6.7
        D:2 |     105 |       0 |   0.0 |      24 |       0 |   0.0
        D:3 |      42 |       5 |  10.6 |      12 |       2 |  14.3
        D:4 |     411 |     323 |  44.0 |      28 |      15 |  34.9
        D:5 |     620 |       0 |   0.0 |      13 |       0 |   0.0
        D:6 |    1778 |     191 |   9.7 |      29 |       1 |   3.3
        D:7 |     803 |       0 |   0.0 |      20 |       0 |   0.0
        D:8 |     211 |       0 |   0.0 |       2 |       0 |   0.0
     Bailey |       0 |    1415 | 100.0 |       0 |      35 | 100.0
            +---------+---------+-------+---------+---------+-------
